Map: Ulrena

Players

Sinatra - Winner!

  • Race: Protoss Protoss
  • League: Master

MorN

  • Race: Terran Terran
  • League: Master

VOD

Have the link to the VOD?

Description

Time

  • Played on: Nov. 23, 2015, 7:04 p.m.
  • Length: 6:31
Show
View Real Time Build Order
Export as new Build Order

Sinatra Protoss - Winner!

Build Orders: 1 Gate Expand 

Get SALT Encoding   

  12  0:01  Probe (Chrono Boost)  
  13  0:11  Probe (Chrono Boost)  
  14  0:18  Pylon  
  14  0:22  Probe (Chrono Boost)  
  15  0:37  Probe (Chrono Boost)  
  15  0:38  Gateway  
  16  0:47  Probe (Chrono Boost), Assimilator  
  17  0:58  Probe (Chrono Boost)  
  18  1:17  Nexus  
  18  1:27  Cybernetics Core  
  18  1:30  Probe (Chrono Boost)  
  19  1:35  Assimilator  
  19  1:40  Probe (Chrono Boost)  
  19  1:46  Pylon  
  20  1:51  Probe (Chrono Boost)  
  21  2:02  Probe (Chrono Boost)  
  21  2:05  Stalker  
  24  2:13  Probe (Chrono Boost)  
  25  2:23  Probe (Chrono Boost)  
  25  2:25  Gateway  
  26  2:30  Probe (Chrono Boost)  
  26  2:34  Assimilator  
  27  2:43  Stargate  
  27  2:49  Adept  
  27  2:50  Probe x2 (Chrono Boost)  
  31  3:00  Probe (Chrono Boost)  
  31  3:01  Probe (Chrono Boost)  
  33  3:11  Probe (Chrono Boost)  
  33  3:12  Mothership Core (Chrono Boost)  
  36  3:21  Probe (Chrono Boost), Adept  
  36  3:22  Adept  
  41  3:30  Void Ray (Chrono Boost)  
  45  3:39  Pylon  
  45  3:45  Warp Gate (Chrono Boost)  
  41  3:50  Pylon  
  41  3:51  Probe x2 (Chrono Boost)  
  41  3:54  Adept  
  45  3:57  Adept  
  45  4:02  Probe  
  48  4:11  Probe  
  48  4:14  Probe  
  48  4:16  Void Ray (Chrono Boost)  
  54  4:24  Robotics Facility  
  54  4:33  Probe  
  54  4:34  Probe  
  54  4:36  Adept x2  
  60  4:43  Pylon  
  60  4:46  Probe x2  
  60  4:51  Gateway  
  62  5:09  Adept x2  
  62  5:12  Observer  
  67  5:15  Pylon  
  67  5:25  Pylon  
  67  5:30  Void Ray (Chrono Boost)  
  65  5:51  Adept x2  
  65  5:52  Adept, Pylon  
  65  5:53  Observer  
  65  5:54  Pylon  
  70  6:08  Pylon  
  70  6:10  Pylon  
  74  6:14  Adept x2  
  74  6:15  Adept  
  74  6:16  Gateway  
  80  6:28  Pylon  
Show
View Real Time Build Order
Export as new Build Order

MorN Terran 

Build Orders:  

Get SALT Encoding   

  12  0:00  SCV  
  13  0:13  SCV  
  14  0:17  Supply Depot  
  14  0:25  SCV  
  15  0:39  SCV  
  15  0:41  Barracks  
  16  0:45  Refinery  
  16  0:51  SCV  
  17  1:03  SCV  
  18  1:15  SCV  
  19  1:30  Marine, Orbital Command  
  20  1:42  Command Center  
  20  1:55  Factory  
  20  1:57  SCV  
  20  2:00  Marine  
  22  2:07  Supply Depot  
  22  2:11  SCV  
  23  2:29  SCV, Marine  
  25  2:41  Factory Tech Lab, SCV  
  25  2:42  Barracks  
  25  2:47  Marine  
  26  2:53  SCV  
  26  2:55  Orbital Command  
  27  3:03  Cyclone  
  27  3:05  SCV, Marine  
  32  3:13  Engineering Bay  
  32  3:17  SCV  
  33  3:20  Refinery  
  33  3:21  SCV  
  33  3:26  Bunker  
  34  3:29  SCV  
  34  3:31  Marine  
  34  3:33  SCV  
  36  3:44  SCV  
  36  3:45  Stimpack, Marine  
  38  3:51  SCV  
  38  3:54  Factory Reactor  
  39  3:57  SCV  
  39  3:58  Barracks  
  39  4:00  Missile Turret  
  40  4:03  SCV  
  40  4:06  Marine x2  
  40  4:09  SCV  
  44  4:15  SCV  
  45  4:21  SCV  
  45  4:22  Refinery  
  46  4:28  Supply Depot  
  46  4:37  Barracks Tech Lab  
  46  4:38  Supply Depot  
  46  4:43  Starport  
  46  4:45  Factory Reactor  
  46  4:50  SCV x2, Marine  
  49  5:02  SCV x2  
  49  5:03  Marine x2  
  49  5:04  Marauder  
  55  5:08  Marine  
  55  5:09  Supply Depot  
  55  5:12  Supply Depot  
  56  5:14  SCV x2  
  58  5:23  Command Center  
  58  5:26  SCV x2  
  50  5:41  Marine x3  
  50  5:42  Medivac x2, Marauder  
  46  5:59  Reaper x2, Marine  
  46  6:02  Marine  
  42  6:28  Supply Depot  
Tags
 
Add a new tag
Caveats
  • Supply blocks, unpowered buildings, or Contaminate may cause inaccurate times.
  • Supply counts are checked every 10 seconds.